 Dungeon Crawl Stone Soup version 0.21-a0-632-g1e37ce5 (webtiles) character file.

1 zxkuqyb the Skirmisher (level 1, 21/23 HPs)
             Began as a Gnoll Wanderer on Dec 27, 2017.
             Quit the game on level 1 of the Dungeon.
             The game lasted 00:00:30 (10 turns).

zxkuqyb the Skirmisher (Gnoll Wanderer)               Turns: 10, Time: 00:00:30

Health: 21/23      AC:  2    Str: 13    XL:     1   Next: 20%
Magic:  1/1        EV: 11    Int: 17    God:
Gold:   0          SH:  0    Dex: 12    Spells: 0/0 levels left

rFire    . . .     SeeInvis .   a - +2 spear
rCold    . . .     Gourm    .   (no shield)
rNeg     . . .     Faith    .   d - +0 robe
rPois    .         Spirit   .   (no helmet)
rElec    .         Reflect  .   (no cloak)
rCorr    .         Harm     .   (no gloves)
MR       .....                  (no boots)
Stlth    ++........             (no amulet)
HPRegen  0.07/turn              (no ring)
MPRegen  0.07/turn              (no ring)

@: no status effects
A: distributed training, fangs 1, strong nose
a: no special abilities


You were on level 1 of the Dungeon.
You were not hungry.

You visited 1 branch of the dungeon, and saw 1 of its levels.

Inventory:

Hand Weapons
 a - a +2 spear (weapon)
 e - a +0 dagger
Armour
 d - a +0 robe (worn)
Scrolls
 c - a scroll of teleportation
Potions
 b - a potion of curing
Comestibles
 f - a ration


   Skills:
 + Level 6.4 Fighting
 + Level 0.0 Short Blades
 + Level 0.0 Long Blades
 + Level 0.0 Axes
 + Level 0.0 Maces & Flails
 + Level 4.4 Polearms
 + Level 0.0 Staves
 + Level 0.0 Slings
 + Level 0.0 Bows
 + Level 0.0 Crossbows
 + Level 2.3 Throwing
 + Level 0.0 Armour
 + Level 0.0 Dodging
 + Level 4.0 Stealth
 + Level 2.3 Shields
 + Level 2.3 Unarmed Combat
 + Level 0.0 Spellcasting
 + Level 0.0 Conjurations
 + Level 0.0 Hexes
 + Level 0.0 Charms
 + Level 0.0 Summonings
 + Level 0.0 Necromancy
 + Level 0.0 Translocations
 + Level 0.0 Transmutations
 + Level 0.0 Fire Magic
 + Level 0.0 Ice Magic
 + Level 0.0 Air Magic
 + Level 0.0 Earth Magic
 + Level 0.0 Poison Magic
 + Level 0.0 Invocations
 + Level 0.0 Evocations


You couldn't memorise any spells.
You didn't know any spells.

Dungeon Overview and Level Annotations

Branches:
Dungeon (1/15)

Altars:


Innate Abilities, Weirdness & Mutations

Your experience applies equally to all skills.
You have very sharp teeth.
Your uncanny sense of smell can sniff out nearby items.


Message History

Press ? for a list of commands and other information.
Found a staircase leading out of the dungeon.
You aren't carrying or standing over any spellbooks.
Unknown command.
You open the door.
A jackal comes into view.
There is an open door here.
A jackal comes into view. 2 jackals come into view.
The helpless jackal fails to defend itself.
You hit the jackal but do no damage. Your bite misses the jackal.
The jackal barks!
The jackal bites you. The jackal closely misses you.
The jackal barely misses you.
The jackal barks!
The jackal barks!
You hit the jackal. You punch the jackal.
You kill the jackal!
The jackal closely misses you.
Are you sure you want to abandon this character and quit the game? (Confirm with "yes".)

.... ...##
....# ∆ .#.##
###...###
....... #
###.h.###
#.#...@h..#
#.#.8.#.8.# ∆
#.....#h....#
#....###....#
####..#..####
#..'.....+
#..###+###
#<.# ####


You could see 3 jackals.

Vanquished Creatures
  A jackal (D:1)
1 creature vanquished.

Notes
Turn   | Place    | Note
-------+----------+-------------------------------------------
     0 | D:1      | zxkuqyb the Gnoll Wanderer began the quest for the Orb.
     0 | D:1      | zxkuqyb set off with: a +2 spear, a potion of curing, a scroll of teleportation, a +0 robe, a +0 dagger, a ration
     0 | D:1      | Reached XP level 1. HP: 23/23 MP: 1/1
    10 | D:1      | Quit the game

Vault maps used:
D:1:      dpeg_arrival_court, kennysheep_nondescript

Action                   || total
-------------------------++-------
Melee: Spear             ||     2
       Punch             ||     1
 Stab: Sleeping          ||     1
Dodge: Dodged            ||     3

Table legend:
 A = Spawn XP
 B = Non-spawn XP
 C = Spawn XP percentage of total XP
 D = Spawn monster count
 E = Non-spawn monster count
 F = Spawn count percentage of total count
 G = Total turns spent on level
                    A         B        C        D         E        F      G
               +---------+---------+-------+---------+---------+-------+---------
         Total |       0 |       2 |   0.0 |       0 |       1 |   0.0 |    10
               +---------+---------+-------+---------+---------+-------+---------
           D:1 |       0 |       2 |   0.0 |       0 |       1 |   0.0 |    10
               +---------+---------+-------+---------+---------+-------+---------
